cohdb
Replays
Latest Replays
All Replays
Popular Replays
Top Player Replays
Match Explorer
How It Works
Community
CoH3 Stats
Reddit
Sign in to upload your games and track your stats! →
Sign in with Steam
Match 42109274
Unlisted
Match 42109274
Overview
Messages
Build Orders
End
Construct Section Command Post
Dingo Light Scout Car
Selects Canadian Shock Battlegroup
Infantry Section
Infantry Section
Vickers Machine Gun Team
Construct Platoon Command Post
Selects Incendiary Munitions
Grenade Package
CMP 15cwt Truck
Royal Engineer Section
Selects Attacking Spirit
Unlock M3 Stuart Light Tanks
Infantry Training
6-pounder Anti-tank Gun Team
Selects Canadian Shock Section
Construct Company Command Post
Selects Pyrotechnics
Crusader II Medium Tank
Selects Smoke Operation
Vickers Machine Gun Team
Vickers Machine Gun Team
Foot Guards Section
Smoke Operation
Selects Churchill Crocodile Heavy Tank
Churchill Crocodile Heavy Tank
西伯利亚银狐
slayer calitros
HeroSandwich
N-xpat89
Leo Major
SturmTigerGaddafi
NoName
Voodoo408
0
0
Comments
sign in to comment!
No comments posted yet!